 Dungeon Crawl Stone Soup version 0.31-a0-1603-gbec6b6ccbf (webtiles) character file.

Game seed: 11891281535100983747

1665 Pooter the Ruffian (level 8, -5/80 HPs)
             Began as a Troll Fighter on Jan 7, 2024.
             Was an Initiate of Makhleb.
             Slain by an orc warrior
             ... wielding a +0 flail
              (13 damage)
             ... on level 6 of the Dungeon.
             The game lasted 00:27:33 (4655 turns).

Pooter the Ruffian (Troll Fighter)                  Turns: 4655, Time: 00:27:33

Health: -5/80      AC:  4    Str: 25    XL:     8   Next: 69%
Magic:  5/8        EV: 10    Int: 12    God:    Makhleb [......]
Gold:   117        SH:  0    Dex:  9    Spells: 4/8 levels left

rFire   . . .        b - +2 orcbow (heavy)
rCold   . . .        (shield currently unavailable)
rNeg    . . .        a - +0 robe
rPois   .            (helmet restricted)
rElec   .            (no cloak)
rCorr   .            (gloves unavailable)
SInv    .            (boots unavailable)
Will    .....        g - amulet of faith {!P}
Stlth   +            W - ring of wizardry
HPRegen 1.13/turn    p - +6 ring of intelligence
MPRegen 0.11/turn

%: faith, wizardry (x1)
@: no status effects
A: large, unfitting armour, claws 3, regeneration 1, shaggy fur 1, tough skin 1
a: Renounce Religion


You were on level 6 of the Dungeon.
You worshipped Makhleb.
Makhleb was noncommittal.
You visited 1 branch of the dungeon, and saw 6 of its levels.

You collected 318 gold pieces.
You spent 201 gold pieces at shops.

Inventory:

Hand Weapons
 b - a +2 heavy orcbow (weapon)
   (You bought it in a shop on level 6 of the Dungeon)
Missiles
 d - 2 boomerangs
 l - 7 poisoned darts
 Q - 31 stones
Armour
 a - a +0 robe (worn)
 A - a +0 kite shield
Jewellery
 g - an amulet of faith (around neck) {!P}
   (You found it on level 1 of the Dungeon)
 i - a +4 ring of protection
   (You found it on level 6 of the Dungeon)
 p - a +6 ring of intelligence (right claw)
   (You found it on level 2 of the Dungeon)
 w - a ring of magical power
   (You found it on level 4 of the Dungeon)
 I - a ring of protection from cold
   (You found it on level 4 of the Dungeon)
 P - a ring of poison resistance
   (You found it on level 1 of the Dungeon)
 W - a ring of wizardry (left claw)
   (You found it on level 5 of the Dungeon)
Wands
 c - a wand of mindburst (11)
   (You found it on level 5 of the Dungeon)
Scrolls
 e - 2 scrolls of blinking
 h - a scroll of acquirement {unknown}
 j - 4 scrolls of vulnerability {!r}
 n - a scroll of enchant armour {unknown}
 o - a scroll of enchant weapon
 q - a scroll of poison {unknown}
 t - 4 scrolls of teleportation {@r4}
 x - a scroll of butterflies {unknown}
 y - a scroll of fear
Potions
 f - 3 potions of cancellation
 k - 2 potions of mutation {unknown}
 m - 2 potions of brilliance
 r - 3 potions of heal wounds {unknown}
 s - 2 potions of curing {@q1}
 u - 2 potions of magic {unknown}
 v - 3 potions of attraction {unknown}
 z - a potion of experience {unknown}
 B - a potion of lignification {unknown}


   Skills:
 + Level 5.0 Fighting
 + Level 0.1 Ranged Weapons
 - Level 2.4 Dodging
 - Level 2.6 Shields
 * Level 7.8 Unarmed Combat
 + Level 0.9 Spellcasting
 - Level 3.6 Conjurations
 + Level 1.1 Translocations
 + Level 1.4 Invocations


You had 4 spell levels left.
You knew the following spells:

 Your Spells              Type           Power      Damage    Failure   Level
a - Searing Ray           Conj           18%        2d5       4%          2
b - Lesser Beckoning      Tloc           6%         N/A       12%         2

Your spell library contained the following spells:

 Spells                   Type           Power      Damage    Failure   Level
 Magic Dart               Conj           36%        1d4       2%          1
 Gell's Gravitas          Tloc           3%         N/A       22%         3
 Teleport Other           Tloc           3%         N/A       22%         3
 Summon Ice Beast         Ice/Summ       0%         N/A       34%         3
 Fulminant Prism          Conj/Alch      2%         3d5       47%         4
 Summon Mana Viper        Hex/Summ       0%         N/A       96%         5
 Monstrous Menagerie      Summ           0%         N/A       100%        7


Dungeon Overview and Level Annotations

Branches:
Dungeon (6/15) Zot: 26530
 Temple: D:4-7

Altars:
Dithmenos
Kikubaaqudgha
Makhleb
Nemelex Xobeh
Qazlal
Sif Muna
Trog
Yredelemnul

Shops:
D:6 (


Innate Abilities, Weirdness & Mutations

You are too large for most types of armour.
You have claws for hands.
Your natural rate of healing is unusually fast.
You are covered in fur. (AC +1)
You have tough skin. (AC +1)


Message History

The orc warrior shouts!
You hear an angry hiss.
A steam dragon comes into view.
The steam dragon hisses angrily.
The steam dragon moves out of view.
Found a hand axe.
An iguana comes into view.
Found 7 gold pieces.
The iguana hisses angrily.
You shoot an arrow.
The arrow barely misses the orc warrior.
An ogre comes into view. It is wielding a +0 giant spiked club.
The ogre moves out of view.
Casting: Searing Ray (safe; 4% risk of failure)
Confirm with . or Enter, or press ? or * to list all spells.
Aiming: Searing Ray (safe; 4% risk of failure)
Press: ? - help, Shift-Dir - straight line, f/p - orc warrior
Aim: an orc warrior, wielding a +0 flail and wearing a +0 chain mail (73% to hit)
The searing ray hits the orc warrior but does no damage. (Press . to maintain the ray.)
The orc warrior barely misses you.
The searing ray hits the orc warrior.
The orc warrior hits you with a +0 flail.
The searing ray hits the orc warrior.
The orc warrior hits you with a +0 flail!
You shoot an arrow. The ogre shouts!
The arrow hits the orc warrior but does no damage.
The orc warrior hits you with a +0 flail!
The orc warrior hits you with a +0 flail.
You shoot an arrow.
The arrow closely misses the orc warrior.
The orc warrior hits you with a +0 flail. x2
The orc warrior hits you with a +0 flail!!
* * * LOW HITPOINT WARNING * * *
You shoot an arrow.
The arrow closely misses the orc warrior.
The orc warrior hits you with a +0 flail.
* * * LOW HITPOINT WARNING * * *
The orc warrior hits you with a +0 flail!
* * * LOW HITPOINT WARNING * * *
You shoot an arrow.
The arrow hits the orc warrior but does no damage.
The orc warrior hits you but does no damage.
The orc warrior closely misses you.
You shoot an arrow.
The arrow barely misses the orc warrior.
The orc warrior hits you with a +0 flail!
* * * LOW HITPOINT WARNING * * *
The orc warrior hits you with a +0 flail!
You die...

###....##.. ######.#
##.# #.######... #..
#.# ##.
##.........##.. ### #.
#........###.. # #.
#....$####...##l$ #.
#.####........# ##
#....O####... #
#........### #
#........@.# #.# #
#†.######o..# ..# #
#.##...D##...# ..# #
#.#..##?# ...######..#
# #.#...###
..##.∩.....# #
#.##..... .##....##..#
#
#.####...####.##.##..#
#..#######...........#
##...............##.##


You could see an orc warrior, an ogre and an iguana.

Vanquished Creatures
  An orc warrior (D:5)
  An ogre (D:6)
  A black bear (D:5)
  An ice beast (D:5)
  2 phantoms
  Blork the orc (D:6)
  A water moccasin zombie (D:4)
  3 scorpions
  A necrophage (D:4)
  2 wights (D:4)
  2 hounds (D:6)
  A human zombie (D:4)
  3 jellies
  3 iguanas
  5 orc wizards
  2 sleepcaps
  A scorpion zombie (D:4)
  2 hound zombies (D:4)
  3 mummies (D:4)
  5 adders
  2 white imps (D:5)
  An adder zombie (D:4)
  A ribbon worm (D:2)
  10 orcs
  9 ball pythons
  3 endoplasms
  3 giant cockroaches
  9 goblins
  7 hobgoblins
  8 jackals
  2 quokkas (D:3)
  12 bats
  4 frilled lizards
  7 kobolds
  12 rats
131 creatures vanquished.

Vanquished Creatures (others)
  An arcanist (D:3)
  A human (D:6)
2 creatures vanquished.

Grand Total: 133 creatures vanquished

Notes
Turn   | Place    | Note
-------+----------+-------------------------------------------
     0 | D:1      | Pooter the Troll Fighter began the quest for the Orb.
     0 | D:1      | Reached XP level 1. HP: 22/22 MP: 0/0
   213 | D:1      | Reached XP level 2. HP: 29/29 MP: 1/1
   447 | D:1      | Reached skill level 3 in Unarmed Combat
   479 | D:1      | Reached XP level 3. HP: 36/36 MP: 2/2
  1036 | D:2      | Found a faded altar of an unknown god.
  1266 | D:2      | Reached XP level 4. HP: 41/44 MP: 3/3
  1646 | D:3      | Reached skill level 1 in Conjurations
  1872 | D:3      | Found a bloodstained altar of Trog.
  1880 | D:3      | Noticed a wizard
  1885 | D:3      | Killed a wizard
  2123 | D:4      | Found a stormy altar of Qazlal.
  2168 | D:4      | Reached skill level 4 in Unarmed Combat
  2170 | D:4      | Reached XP level 5. HP: 49/53 MP: 4/4
  2455 | D:4      | Found a shadowy altar of Dithmenos.
  2500 | D:4      | Reached XP level 6. HP: 53/61 MP: 5/5
  2544 | D:4      | Reached skill level 5 in Unarmed Combat
  2554 | D:4      | Found a basalt altar of Yredelemnul.
  2588 | D:4      | Reached XP level 7. HP: 68/68 MP: 6/6
  2922 | D:5      | Entered Level 5 of the Dungeon
  2923 | D:5      | Upgraded the game from 0.31-a0-1591-g515db51633 to
                  | 0.31-a0-1603-gbec6b6ccbf
  2929 | D:5      | Reached skill level 6 in Unarmed Combat
  2941 | D:5      | Learned a level 2 spell: Searing Ray
  3438 | D:5      | Found a shimmering blue altar of Sif Muna.
  3663 | D:5      | Found a burning altar of Makhleb.
  3672 | D:5      | Became a worshipper of Makhleb the Destroyer
  3722 | D:5      | Reached skill level 7 in Unarmed Combat
  3722 | D:5      | Reached XP level 8. HP: 79/79 MP: 2/7
  4117 | D:5      | Found a sparkling altar of Nemelex Xobeh.
  4147 | D:5      | Learned a level 2 spell: Lesser Beckoning
  4196 | D:6      | Found an ancient bone altar of Kikubaaqudgha.
  4397 | D:6      | Reached skill level 1 in Invocations
  4510 | D:6      | Noticed Blork the orc
  4516 | D:6      | Killed Blork the orc
  4517 | D:6      | Reached skill level 1 in Translocations
  4564 | D:6      | Found Vegacabb's Weapon Boutique.
  4593 | D:6      | Bought a +2 heavy orcbow for 201 gold pieces
  4624 | D:6      | Reached skill level 5 in Fighting
  4655 | D:6      | Slain by an orc warrior

Illustrated notes

Levels and vault maps discovered:
D:1:      dpeg_arrival_long_road, layout_basic, minmay_rat_gold_closets
D:2:      layout_loops_ring, basic_ecumenical_altar
D:3:      layout_rooms, trog_wizard
D:4:      layout_gridville, mainiacjoe_overflow_paths, grunt_dithmenos_smoke,
          lemuel_mausoleum_altar_yredelemnul, minmay_misc_feat_room
D:5:      layout_basic, nemelex_spade_bored_becter, bloody_makhleb,
          pf_just_have_faith
D:6:      layout_loops_ring, tgw_kikubaaqudgha, serial_shops, shop, minmay_puff,
          uniq_blork_the_orc

Skill      XL: |  1  2  3  4  5  6  7  8 |
---------------+-------------------------+-----
Unarmed Combat | 3 4 5 7 |  7.8
Conjurations   | 1 2 3 |  3.6
Fighting       | 3 4 5 |  5.0
Invocations    | 1 |  1.4
Translocations | 1 |  1.1
Ranged Weapons | |  0.1
Dodging        | |  2.4
Shields        | |  2.6
Spellcasting   | |  0.9

Action                     |  1- 3 |  4- 6 |  7- 9 || total
---------------------------+-------+-------+-------++-------
  Melee: Unarmed           |   118 |   125 |   113 ||   356
   Fire: Orcbow            |       |       |     9 ||     9
  Throw: Boomerang         |    12 |    12 |    11 ||    35
         Dart              |       |       |     2 ||     2
   Cast: Searing Ray       |       |       |    10 ||    10
    Use: Scroll            |     2 |       |     6 ||     8
         Potion            |       |     1 |     2 ||     3
   Stab: Sleeping          |     2 |       |       ||     2
 Armour: Robe              |    63 |    64 |    73 ||   200
  Dodge: Dodged            |    25 |    38 |    31 ||    94
  Block: Kite shield       |    45 |    43 |    27 ||   115

Table legend: (Time is in decaauts)
 A = Elapsed time spent in this place.
 B = Non-inter-level travel time spent in this place.
 C = Inter-level travel time spent in this place.
 D = Time resting spent in this place.
 E = Time spent auto-exploring this place.
 F = Levels seen in this place.
 G = Mean time per level.
                   A        B        C        D        E       F      G
               +--------+--------+--------+--------+--------+-----+--------+
         Total |   4687 |   4558 |    129 |    323 |   3185 |   6 |  781.2 |
       Dungeon |   4687 |   4558 |    129 |    323 |   3185 |   6 |  781.2 |
               +--------+--------+--------+--------+--------+-----+--------+

Top non-repeatable levels by time:
     D:5: 1258 daAuts
     D:1: 948 daAuts
     D:4: 832 daAuts
     D:2: 670 daAuts
     D:3: 510 daAuts
     D:6: 467 daAuts
